Map: Abyssal Reef LE

Players

eBuRn

  • Race: Zerg Zerg
  • League: Diamond
  • Spawn Location: 5:00

Trizztein - Winner!

  • Race: Terran Terran
  • League: Diamond
  • Spawn Location: 11:00

VOD

Have the link to the VOD?

Description

Time

  • Played on: Dec. 23, 2017, 10:06 p.m.
  • Length: 17:44
Show
View Real Time Build Order
Export as new Build Order

eBuRn Zerg 

Build Orders: Pool First 

Get SALT Encoding   

  12  0:01  Drone  
  13  0:08  Drone  
  14  0:17  Overlord  
  14  0:36  Drone x3  
  17  0:49  Spawning Pool  
  16  0:50  Drone  
  17  1:12  Hatchery  
  17  1:16  Drone x2  
  18  1:27  Extractor  
  17  1:36  Zergling x2, Queen  
  17  1:39  Drone  
  21  1:42  Drone  
  22  1:53  Overlord  
  22  2:14  Queen  
  24  2:26  Queen  
  24  2:28  Drone x4  
  30  2:33  Metabolic Boost  
  30  2:41  Zergling x4  
  31  2:59  Overlord  
  31  3:05  Hatchery  
  30  3:08  Pneumatized Carapace  
  30  3:19  Zergling x8  
  34  3:24  Evolution Chamber  
  34  3:25  Drone x2  
  34  3:26  Drone  
  36  3:39  Drone x3  
  36  3:40  Drone  
  40  3:49  Overlord x2  
  40  4:03  Drone x3  
  40  4:04  Overlord  
  40  4:06  Zerg Melee Weapons Level 1  
  43  4:27  Zergling x6  
  43  4:28  Zergling x8  
  43  4:30  Lair  
  47  4:54  Spore Crawler  
  47  4:58  Spore Crawler  
  44  5:00  Zergling x2  
  44  5:01  Zergling x4, Queen  
  44  5:02  Overlord  
  44  5:03  Overlord  
  48  5:09  Zergling x4  
  48  5:10  Zergling x8  
  54  5:16  Zergling x4  
  54  5:17  Zergling x4  
  57  5:24  Spine Crawler  
  56  5:31  Overseer  
  56  5:37  Queen  
  56  5:38  Queen  
  52  5:53  Zergling x2  
  52  5:54  Zergling x14  
  63  6:01  Spine Crawler  
  62  6:05  Zerg Melee Weapons Level 2  
  35  6:43  Drone x6  
  35  6:44  Roach Warren  
  40  6:54  Extractor  
  40  6:57  Queen, Infestation Pit  
  40  7:03  Drone x2  
  43  7:18  Drone x2  
  43  7:19  Drone x2  
  43  7:20  Extractor  
  43  7:22  Extractor  
  45  7:23  Glial Reconstitution  
  45  7:24  Evolution Chamber  
  45  7:25  Hatchery  
  44  7:37  Drone x3  
  46  7:45  Roach x3  
  52  7:52  Roach x3  
  52  7:53  Roach  
  60  8:07  Drone x3  
  63  8:15  Zerg Ground Armor Level 1  
  63  8:18  Zergling x8  
  67  8:30  Baneling Nest  
  67  8:33  Zergling x8  
  67  8:34  Zergling x2  
  71  8:40  Zergling x4  
  71  8:41  Zergling x2  
  74  8:47  Hydralisk Den  
  73  8:48  Tunneling Claws  
  73  8:50  Burrow  
  73  8:51  Drone x5  
  78  9:17  Muscular Augments, Centrifical Hooks  
  78  9:23  Drone  
  78  9:24  Drone x2  
  81  9:26  Overlord x2  
  81  9:27  Overlord  
  81  9:36  Zerg Missile Weapons Level 1  
  81  9:52  Hydralisk x2  
  81  9:53  Hydralisk x6  
  96  10:00  Queen  
  93  10:08  Drone  
  93  10:09  Drone x8  
  102  10:23  Zerg Ground Armor Level 2  
  102  10:26  Drone x2  
  102  10:27  Drone  
  105  10:32  Baneling x3  
  105  10:33  Baneling x6  
  105  10:44  Extractor x2  
  105  10:48  Drone x2  
  105  10:49  Overlord x4  
  102  11:14  Hydralisk x9  
  93  11:22  Ravager  
  93  11:24  Zergling x12  
  93  11:25  Zergling x2  
  99  11:39  Drone x2  
  101  11:40  Drone x3  
  101  11:43  Zergling x6  
  101  11:44  Zergling x4  
  101  11:45  Baneling x5  
  107  11:53  Zergling x4  
  100  12:10  Hatchery  
  99  12:15  Hydralisk x2  
  99  12:16  Hydralisk x6  
  113  12:27  Overseer  
  113  12:31  Baneling x6  
  113  12:39  Zergling x18  
  113  12:40  Zergling x6  
  125  12:51  Infestation Pit  
  111  13:14  Hydralisk x7  
  100  13:44  Zergling x16  
  100  13:45  Zergling x2  
  100  13:47  Zergling x6  
  100  13:48  Zergling x8  
  91  13:52  Spire  
  91  13:54  Extractor  
  83  13:55  Drone x3  
  83  13:59  Extractor  
  84  14:03  Drone x3  
  84  14:04  Hive  
  84  14:08  Baneling x4  
  87  14:18  Zerg Missile Weapons Level 2  
  81  15:09  Mutalisk x5  
  81  15:10  Mutalisk x8  
  81  15:11  Mutalisk x2  
  116  15:24  Mutalisk x2  
  116  15:25  Mutalisk x2  
  116  15:27  Zergling x4  
  125  15:34  Baneling x7  
  125  15:35  Baneling x8  
  109  15:36  Baneling x8  
  94  16:09  Mutalisk x4  
  94  16:10  Zergling x6  
  94  16:11  Zergling x10  
  95  16:18  Zergling x8  
  86  16:53  Hatchery  
  83  16:58  Spore Crawler  
Show
View Real Time Build Order
Export as new Build Order

Trizztein Terran - Winner!

Build Orders: Reaper Expand, Hellion Banshee, Mech 

Get SALT Encoding   

  12  0:03  SCV  
  13  0:15  SCV  
  13  0:19  Supply Depot  
  14  0:27  SCV  
  15  0:40  SCV  
  15  0:42  Barracks  
  16  0:47  Refinery  
  16  0:52  SCV  
  17  1:04  SCV  
  18  1:17  SCV  
  19  1:29  Orbital Command  
  19  1:30  Reaper  
  20  1:45  Command Center  
  20  1:56  SCV  
  21  2:02  Supply Depot, Marine  
  22  2:11  SCV  
  22  2:13  Refinery  
  23  2:19  Factory  
  23  2:23  SCV  
  23  2:28  Barracks Reactor  
  24  2:35  SCV  
  25  2:48  SCV  
  26  3:00  SCV  
  26  3:04  Starport  
  27  3:08  Orbital Command  
  27  3:12  SCV  
  28  3:16  Barracks Tech Lab  
  28  3:18  Hellion x2  
  32  3:22  Supply Depot  
  32  3:24  SCV  
  33  3:36  SCV  
  33  3:40  Hellion x2  
  38  3:42  SCV  
  38  3:47  Banshee  
  43  3:48  SCV  
  43  3:49  Cloaking Field  
  43  3:54  SCV  
  44  4:00  SCV  
  44  4:01  Hellion x2  
  49  4:06  SCV  
  50  4:10  Supply Depot  
  50  4:12  SCV, Supply Depot  
  50  4:15  Armory  
  51  4:18  SCV  
  51  4:23  Hellion  
  53  4:24  SCV  
  54  4:32  SCV, Hellion  
  57  4:39  SCV  
  57  4:44  SCV  
  53  4:50  Hellion  
  55  4:54  Hellion  
  55  4:55  SCV  
  55  4:56  SCV  
  59  5:07  SCV  
  59  5:08  Refinery, SCV  
  59  5:09  Refinery  
  59  5:13  Command Center, Widow Mine  
  62  5:14  Supply Depot  
  62  5:19  SCV  
  61  5:26  Hellion  
  62  5:29  SCV  
  62  5:31  Barracks Tech Lab  
  62  5:33  Factory  
  63  5:37  SCV  
  63  5:41  SCV  
  65  5:49  SCV  
  66  5:53  SCV  
  66  5:56  Factory  
  67  5:57  Widow Mine  
  67  5:58  Widow Mine  
  67  6:03  Barracks Tech Lab, SCV, Supply Depot  
  72  6:09  SCV  
  73  6:15  SCV  
  73  6:21  SCV  
  73  6:26  Hellion x2  
  73  6:28  SCV  
  73  6:33  SCV  
  72  6:40  SCV  
  72  6:45  SCV  
  64  6:50  Supply Depot  
  64  6:52  SCV  
  64  6:54  Supply Depot  
  65  6:57  SCV  
  66  7:04  SCV  
  66  7:05  Orbital Command  
  67  7:09  SCV, Hellion x2  
  67  7:11  Factory Tech Lab  
  72  7:16  Infernal Pre-Igniter, SCV  
  72  7:18  Terran Vehicle Weapons Level 1  
  72  7:21  Siege Tank, Armory  
  76  7:30  Orbital Command  
  76  7:31  Banshee  
  76  7:36  SCV x2  
  81  7:39  Hellion x2  
  85  7:48  SCV x2  
  87  7:53  Hellion x2  
  87  7:58  SCV  
  92  8:00  SCV x2  
  94  8:08  Supply Depot  
  94  8:10  SCV  
  94  8:12  SCV x2  
  97  8:15  Siege Tank x2, Supply Depot x2  
  97  8:16  Hellion x2  
  107  8:22  SCV, Supply Depot  
  107  8:23  Supply Depot  
  107  8:24  SCV  
  107  8:25  Starport Reactor  
  109  8:29  SCV  
  110  8:34  SCV  
  110  8:35  Supply Depot  
  110  8:36  SCV  
  110  8:37  Hellion  
  110  8:38  Supply Depot  
  110  8:40  Refinery, Hellion  
  116  8:41  SCV  
  116  8:44  Refinery  
  116  8:46  SCV  
  116  8:47  Siege Tank  
  122  8:48  SCV  
  122  8:52  Liberator  
  122  8:53  Liberator  
  122  8:54  SCV  
  123  8:59  SCV  
  123  9:00  SCV  
  125  9:03  Siege Tank, Hellion x2  
  125  9:06  SCV, Barracks Reactor  
  125  9:07  Factory  
  125  9:09  Factory  
  133  9:11  Starport, SCV  
  140  9:18  SCV x2  
  140  9:19  Hellion  
  144  9:24  SCV, Hellion  
  147  9:43  SCV x2  
  147  9:44  Siege Tank, Terran Vehicle Weapons Level 2, Hellion x2  
  156  9:47  Terran Vehicle And Ship Armor Level 1  
  156  9:48  Starport Reactor  
  156  9:52  SCV  
  140  10:07  Siege Tank  
  140  10:08  Hellion x2  
  140  10:09  Factory Tech Lab, Liberator x2  
  143  10:16  Siege Tank  
  143  10:18  Command Center  
  143  10:21  Command Center  
  145  10:24  Hellion x2  
  145  10:26  Viking  
  145  10:27  Viking  
  159  10:39  Siege Tank  
  165  10:42  Siege Tank  
  165  10:52  Engineering Bay  
  165  10:55  Starport  
  165  11:00  Fusion Core  
  165  11:11  Siege Tank, SCV  
  165  11:12  Siege Tank, Hellion x2  
  165  11:14  Liberator  
  165  11:16  Siege Tank, Hellion x2  
  152  11:31  Viking  
  158  11:33  Hellion x2  
  158  11:38  Hellion x2  
  165  11:43  Siege Tank  
  165  11:44  Siege Tank  
  171  11:47  Missile Turret  
  174  11:54  Siege Tank, Terran Vehicle And Ship Armor Level 2  
  174  11:56  SCV  
  175  12:02  Missile Turret  
  175  12:03  Hellion x3  
  175  12:04  SCV, Hellion  
  175  12:05  SCV  
  179  12:09  Liberator, Planetary Fortress  
  179  12:16  Siege Tank  
  179  12:19  Siege Tank, Refinery  
  179  12:22  Refinery  
  185  12:25  Hellion  
  185  12:29  Hellion x2  
  194  12:39  Missile Turret  
  194  12:40  Planetary Fortress  
  194  12:41  Missile Turret  
  194  12:42  Missile Turret  
  194  12:43  SCV  
  195  12:55  Sensor Tower  
  195  12:58  Refinery  
  195  13:00  Refinery  
  195  13:09  SCV x2  
  195  13:23  Liberator  
  195  13:25  Terran Vehicle Weapons Level 3  
  195  13:33  Liberator x2  
  195  13:34  Siege Tank  
  195  13:37  SCV, Hellion  
  195  13:38  Hellion  
  195  13:39  Hellion x2  
  195  13:40  Siege Tank, Hellion  
  185  13:51  Viking x2  
  195  13:56  Supply Depot  
  195  13:59  Missile Turret  
  195  14:15  Siege Tank  
  195  14:18  Hellion x2  
  195  14:22  Smart Servos  
  199  14:40  Hellion  
  199  14:42  Hellion  
  199  14:43  Hellion  
  199  14:45  Siege Tank  
  197  14:50  Siege Tank  
  194  15:03  Siege Tank  
  194  15:04  Hellion x2  
  199  15:15  Command Center  
  197  15:30  Siege Tank  
  134  15:50  Viking  
  191  16:20  Viking x4, Banshee  
  176  16:25  Thor x2  
  176  16:26  Thor  
  176  16:27  Missile Turret  
  176  16:28  Missile Turret  
  176  16:29  Missile Turret  
  176  16:36  Hellion x3  
  176  16:37  Hellion  
  163  16:41  Missile Turret  
  163  16:44  Missile Turret  
  163  16:45  Missile Turret x2  
  163  16:46  Missile Turret  
  158  16:47  Missile Turret x2  
  158  16:49  Missile Turret  
  158  16:50  Missile Turret x2  
  158  16:51  Missile Turret  
  158  16:52  Missile Turret  
  154  16:54  Missile Turret  
  154  16:56  Missile Turret  
  154  16:58  Missile Turret, Hellion x4  
  162  17:09  Hellion  
  166  17:19  Hellion x4  
Tags
 
Add a new tag
Caveats
  • Supply blocks, unpowered buildings, or Contaminate may cause inaccurate times.
  • Supply counts are checked every 10 seconds.